 Dungeon Crawl Stone Soup version 0.20.1-1-g8b1a95d (webtiles) character file.

33 Internecine the Skirmisher (level 3, 0/29 HPs)
             Began as a Demonspawn Fighter on Sept 29, 2017.
             Succumbed to an adder's poison
             ... on level 1 of the Dungeon.
             The game lasted 00:09:24 (1570 turns).

Internecine the Skirmisher (Demonspawn Fighter)     Turns: 1570, Time: 00:09:24

Health: 0/29       AC:  6    Str: 16    XL:     3   Next: 12%
Magic:  3/3        EV:  7    Int:  9    God:
Gold:   30         SH: 10    Dex: 13    Spells: 2/2 levels left

rFire    . . .     SeeInvis .   i - -3 dagger (curse)
rCold    + . .     Gourm    .   c - +1 shield
rNeg     . . .     Faith    .   b - +0 scale mail
rPois    .         Spirit   .   (no helmet)
rElec    .         Reflect  .   (no cloak)
rCorr    .         Harm     .   (no gloves)
MR       .....                  (no boots)
Stlth    ..........             (no amulet)
Regen    0.1/turn               (no ring)
MPRegen  0.1/turn               (no ring)

@: lethally poisoned (0 -> -8)
A: cold resistance 1, sturdy frame 1
a: no special abilities


You were on level 1 of the Dungeon.
You were hungry.

You visited 1 branch of the dungeon, and saw 1 of its levels.

You collected 30 gold pieces.

Inventory:

Hand Weapons
 a - a +0 long sword
 e - a -1 mace
 i - a cursed -3 dagger (weapon)
 q - a +0 whip
Missiles
 j - 31 stones (quivered)
 t - 20 bolts
Armour
 b - a +0 scale mail (worn)
 c - a +1 shield (worn)
 l - a +0 leather armour
Scrolls
 n - a scroll of recharging {unknown}
 r - a scroll of random uselessness {unknown}
 s - a scroll of enchant weapon {unknown}
 u - 2 scrolls of enchant armour
Potions
 d - a potion of might
 h - a potion of lignification {unknown}
 k - a potion of heal wounds {unknown}
 m - a potion of curing {unknown}
Comestibles
 f - a bread ration
 o - a royal jelly
 p - 4 fruits
 v - 3 chunks of flesh


   Skills:
 + Level 3.3 Fighting
 + Level 1.8 Long Blades
 + Level 0.6 Maces & Flails
 + Level 3.0 Armour
 + Level 0.5 Dodging
 + Level 0.2 Stealth
 + Level 2.9 Shields


You had 2 spell levels left.
You didn't know any spells.

Dungeon Overview and Level Annotations

Branches:
Dungeon (1/15)

Altars:


Innate Abilities, Weirdness & Mutations

Your flesh is cold resistant. (rC+)
Your movements are slightly less encumbered by armour. (ER -2)


Message History

* * * LOW HITPOINT WARNING * * *
The adder bites you.
* * * LOW HITPOINT WARNING * * *
You are more poisoned.
The adder poisons you!
You closely miss the adder.
The adder is severely wounded.
* * * LOW HITPOINT WARNING * * *
You feel sick. The adder barely misses you.
You miss the adder.
The adder is severely wounded.
* * * LOW HITPOINT WARNING * * *
You feel sick. The adder bites you but does no damage.
You block the adder's attack.
You hit the adder but do no damage.
The adder is heavily wounded.
The adder closely misses you.
Your shield prevents you from hitting the adder.
The adder is heavily wounded.
You die...

...# #..# #.# #.#.###.# ...#
#..# #.# #.......# ...#
##..#####.######.##..# ...#
#....................# ...#
#.#.###.#####.##.##.## ...#
#>#.# #.####.#.#.##.# .########
#.#.###.##..###..##.#
.####...###.#.##>..#.#.#.####.#
......#.........@.......## #.#
.####...###.####S..###..# #.#
.# ##### #.#####.####..# #.# ##
#......(......# #.#
#######.####.## #.# #.# #.# #.#
#.####.# #.# #.#....# #.#
#.#.#### #.#


You could see an adder.

Vanquished Creatures
  An ooze (D:1)
  A leopard gecko (D:1)
  3 goblins (D:1)
  A hobgoblin (D:1)
  4 jackals (D:1)
  A ball python (D:1)
  3 bats (D:1)
  4 frilled lizards (D:1)
  6 kobolds (D:1)
  6 rats (D:1)
  2 plants (D:1)
32 creatures vanquished.

Notes
Turn   | Place    | Note
-------+----------+-------------------------------------------
     0 | D:1      | Internecine the Demonspawn Fighter began the quest for the Orb.
     0 | D:1      | Reached XP level 1. HP: 18/18 MP: 1/1
   127 | D:1      | Gained mutation: Your movements are slightly less encumbered by armour. (ER -2) [demonic ancestry]
   127 | D:1      | Reached XP level 2. HP: 2/24 MP: 2/2
  1047 | D:1      | Gained mutation: Your flesh is cold resistant. (rC+) [demonic ancestry]
  1047 | D:1      | Reached XP level 3. HP: 23/29 MP: 3/3
  1568 | D:1      | HP: 1/29 [poisoned by an adder]
  1570 | D:1      | Succumbed to an adder's poison

Skill      XL: |  1  2 |
---------------+-------+-----
Armour         | 3 |  3.0
Fighting       | |  3.3
Long Blades    | |  1.8
Maces & Flails | |  0.6
Dodging        | |  0.5
Stealth        | |  0.2
Shields        | |  2.9

Action                   || total
-------------------------++-------
Melee: Mace              ||   158
       Long sword        ||    12
       Dagger            ||    29
Throw: Stone             ||    27
  Use: Scroll            ||     2
  Eat: Chunk             ||     2
Armor: Scale mail        ||    86
Dodge: Dodged            ||    75
Block: Shield            ||   119
